 Dungeon Crawl Stone Soup version 0.22.2-1-ge965b3a (webtiles) character file.

5616 smallpebble the Cleaver (level 10, -12/86 HPs)
             Began as a Hill Orc Fighter on Apr 10, 2019.
             Was an Initiate of Ru.
             Killed from afar by a deep elf mage (19 damage)
             ... with a bolt of lightning
             ... on level 10 of the Dungeon.
             The game lasted 00:40:35 (9953 turns).

smallpebble the Cleaver (Hill Orc Fighter)          Turns: 9953, Time: 00:40:35

Health: -12/86     AC: 17    Str: 21    XL:     10   Next: 73%
Magic:  0/10       EV:  8    Int:  8    God:    Ru [......]
Gold:   402        SH: 12    Dex: 16    Spells: 9/9 levels left

rFire    . . .     SeeInvis .   y - +1 war axe (elec)
rCold    + . .     Gourm    .   c - +0 shield
rNeg     . . .     Faith    .   A - +0 plate armour
rPois    .         Spirit   +   o - +1 helmet
rElec    .         Reflect  .   x - scarf {Spirit}
rCorr    .         Harm     .   g - +0 pair of gloves
MR       .....                  (no boots)
Stlth    ..........             (no amulet)
HPRegen  0.24/turn              G - ring of protection from cold
MPRegen  0.12/turn              t - +4 ring of dexterity

@: about to teleport
A: no striking features
a: Sacrifice Purity, Sacrifice Love, Sacrifice Resistance, Reject Sacrifices,
Renounce Religion


You were on level 10 of the Dungeon.
You worshipped Ru.
Ru was noncommittal.
You were not hungry.

You visited 2 branches of the dungeon, and saw 11 of its levels.

You collected 402 gold pieces.

Inventory:

Hand Weapons
 a - a +1 trident of holy wrath
 y - a +1 war axe of electrocution (weapon)
Armour
 c - a +0 shield (worn)
 g - a +0 pair of gloves (worn)
 o - a +1 helmet (worn)
 x - a scarf of spirit shield (worn)
 A - a +0 plate armour (worn)
Magical Staves
 C - an uncursed staff of fire
Jewellery
 f - an uncursed ring of stealth
 t - a +4 ring of dexterity (right hand)
 u - an uncursed ring of fire
 D - a +3 amulet of reflection
 F - an uncursed ring of resist corrosion
 G - a ring of protection from cold (left hand)
Wands
 b - a wand of iceblast (5)
 z - a wand of flame (85)
 H - a wand of scattershot (4)
 J - a wand of paralysis (8)
Scrolls
 h - a scroll of identify
 m - 5 scrolls of magic mapping
 p - 3 scrolls of teleportation
 q - 8 scrolls of remove curse
 r - 2 scrolls of fog
Potions
 d - 3 potions of might
 e - 2 potions of brilliance {unknown}
 i - a potion of flight {unknown}
 j - a potion of agility
 k - 3 potions of curing
 l - a potion of resistance
 v - a potion of berserk rage {unknown}
 w - a potion of magic {unknown}
Comestibles
 n - 6 rations


   Skills:
 + Level 7.5 Fighting
 + Level 11.1(11.2) Axes
 + Level 2.0(6.3) Polearms
 + Level 8.7 Armour
 + Level 4.6 Dodging
 + Level 0.2 Stealth
 + Level 8.5 Shields
 + Level 0.7 Evocations


You had 9 spell levels left.
You didn't know any spells.
Your spell library contained the following spells:

 Spells                   Type           Power        Failure   Level  Hunger
 Freeze                   Ice            #...         100%        1    ##.....
 Magic Dart               Conj           #...         100%        1    ##.....
 Shock                    Conj/Air       #...         100%        1    ##.....
 Blink                    Tloc           N/A          100%        2    ###....
 Call Imp                 Summ           #.......     100%        2    ###....
 Slow                     Hex            #.......     100%        2    ###....
 Swiftness                Chrm/Air       #.......     100%        2    ###....
 Throw Frost              Conj/Ice       #.....       100%        2    ###....
 Conjure Flame            Conj/Fire      #.......     100%        3    ####...
 Mephitic Cloud           Conj/Pois/Air  #.......     100%        3    ####...
 Ozocubu's Armour         Chrm/Ice       #.......     100%        3    ####...
 Static Discharge         Conj/Air       #.......     100%        3    ####...
 Airstrike                Air            #.........   100%        4    #####..
 Summon Ice Beast         Ice/Summ       #.......     100%        4    #####..
 Throw Icicle             Conj/Ice       #.......     100%        4    #####..
 Lightning Bolt           Conj/Air       #.........   100%        5    ######.


Dungeon Overview and Level Annotations

Branches:
Dungeon (10/15)            Temple (1/1) D:4
   Lair: D:8-11         Orc: D:9-12

Altars:
Ashenzari
Cheibriados
Dithmenos
Elyvilon
Fedhas
Gozag
Hepliaklqana
Kikubaaqudgha
Makhleb
Nemelex Xobeh
Okawaru
Qazlal
Ru
Sif Muna
Trog
Uskayaw
Vehumet
Wu Jian
Xom
Yredelemnul
Zin
The Shining One


Message History

The deep elf mage is almost dead.
A kobold comes into view.
The deep elf mage casts a spell at you. The bolt of lightning hits you!
* * * LOW HITPOINT WARNING * * *
There are monsters nearby!
You are too injured to fight recklessly!
There are monsters nearby!
You are too injured to fight recklessly!
There are monsters nearby!
You completely miss the deep elf mage.
The deep elf mage is almost dead.
The deep elf mage gestures at you while chanting.
The bolt of lightning hits you!
* * * LOW HITPOINT WARNING * * *
As you read the scroll of teleportation, it crumbles to dust.
You feel strangely unstable. The deep elf mage barely misses you.
The deep elf mage points at you and mumbles some strange words.
The bolt of lightning hits you!
You die...

#########
##.K.....##
#..e.@....#
#...##.##..# #..
#%%%#.)###### #.
#%(%#.......#######
#
#%§%#...###........
#####.(## #........
§...# ##.######
.....## #.# .....##
#.#


You could see a deep elf mage and a kobold.

Vanquished Creatures
  The ghost of Miyamura the Nimble, a novice GnMo of Ashenzari (D:7)
  The ghost of coffee the Ducker, a novice SpAK of Lugonu (D:2)
  2 hippogriffs (D:7)
  A merfolk (D:10)
  A wyvern (D:8)
  A hungry ghost (D:7)
  A steam dragon (D:9)
  A water moccasin (D:8)
  2 orc warriors
  An ice beast (D:4)
  2 sky beasts
  The ghost of bananaglory the Skirmisher, an amateur HOAK of Lugonu (D:2)
  2 phantoms (D:5)
  2 necrophages
  3 ogres
  5 centaurs
  4 bullfrogs
  2 wyvern skeletons
  A scorpion (D:4)
  A killer bee (D:10)
  3 wights (D:6)
  A howler monkey (D:5)
  3 crimson imps
  5 hounds
  5 quasits (D:7)
  7 jellies
  4 orc wizards
  A centaur zombie (D:6)
  5 orc priests
  3 centaur skeletons
  A bullfrog skeleton (D:5)
  Ijyb (D:5)
  2 iguanas
  7 worker ants
  The ghost of smallpebble the Skirmisher, a weakling DsAK of Lugonu (D:2)
  A worker ant zombie (D:5)
  3 gnolls (D:7)
  A howler monkey skeleton (D:4)
  10 adders
  3 shadow imps
  2 adder skeletons
  3 worms
  4 dart slugs (D:1)
  8 leopard geckos
  27 orcs
  9 bats
  5 giant cockroaches
  7 goblins
  14 hobgoblins
  5 jackals
  12 kobolds
  2 quokkas
  6 frilled lizards
  A leopard gecko skeleton (D:8)
  A leopard gecko zombie (D:6)
  A quokka skeleton (D:4)
  6 rats
215 creatures vanquished.

Vanquished Creatures (others)
  2 killer bees (D:10)
  A worm (D:3)
  A frilled lizard (D:3)
  A withered plant (D:3)
5 creatures vanquished.

Grand Total: 220 creatures vanquished

Notes
Turn   | Place    | Note
-------+----------+-------------------------------------------
     0 | D:1      | smallpebble the Hill Orc Fighter began the quest for the
                  | Orb.
     0 | D:1      | Reached XP level 1. HP: 19/19 MP: 1/1
    63 | D:1      | Reached XP level 2. HP: 23/27 MP: 2/2
   435 | D:1      | Reached skill level 3 in Axes
   503 | D:1      | Reached XP level 3. HP: 30/33 MP: 3/3
  1094 | D:2      | Found a white marble altar of Elyvilon.
  1237 | D:2      | Reached XP level 4. HP: 29/40 MP: 4/4
  1438 | D:2      | Reached skill level 4 in Axes
  2132 | D:3      | Reached XP level 5. HP: 46/46 MP: 5/5
  2480 | D:3      | Found a runed gate.
  2480 | D:3      | Found a runed gate.
  2480 | D:3      | Found a runed gate.
  2494 | D:3      | Reached skill level 5 in Axes
  2501 | D:3      | Noticed bananaglory's ghost (amateur HOAK)
  2503 | D:3      | Noticed coffee's ghost (novice SpAK)
  2526 | D:3      | Found a stormy altar of Qazlal.
  2644 | D:3      | Noticed a centaur
  2650 | D:3      | Killed a centaur
  2650 | D:3      | Reached XP level 6. HP: 45/52 MP: 6/6
  2682 | D:3      | Found a deep blue altar of Sif Muna.
  2682 | D:3      | Found a shadowy altar of Dithmenos.
  2745 | D:3      | Noticed smallpebble's ghost (weakling DsAK)
  2958 | D:2      | Killed bananaglory's ghost
  3174 | D:2      | Killed coffee's ghost
  3174 | D:2      | Reached XP level 7. HP: 32/59 MP: 7/7
  3178 | D:2      | Killed smallpebble's ghost
  3722 | D:4      | Found a staircase to the Ecumenical Temple.
  3741 | Temple   | Entered the Ecumenical Temple
  3777 | Temple   | Became a worshipper of Ru the Awakened
  4054 | D:4      | Reached skill level 5 in Shields
  4211 | D:4      | Found a shattered altar of Ashenzari.
  4477 | D:5      | Entered Level 5 of the Dungeon
  4477 | D:5      | Noticed Ijyb
  4501 | D:4      | Reached skill level 6 in Axes
  5050 | D:5      | Reached XP level 8. HP: 61/67 MP: 8/8
  5103 | D:5      | Found a snail-covered altar of Cheibriados.
  5122 | D:5      | Killed Ijyb
  5243 | D:5      | Reached skill level 5 in Fighting
  5243 | D:5      | Reached skill level 7 in Axes
  5268 | D:5      | Reached skill level 5 in Armour
  5737 | D:5      | Reached skill level 8 in Axes
  6163 | D:6      | Found an iron altar of Okawaru.
  6173 | D:6      | Reached XP level 9. HP: 65/74 MP: 6/9
  6437 | D:6      | Found a radiant altar of Vehumet.
  6719 | D:7      | Reached skill level 9 in Axes
  6950 | D:7      | Reached skill level 1 in Polearms
  6988 | D:7      | HP: 3/78 [orc warrior/glaive (8)]
  7292 | D:7      | Noticed Miyamura's ghost (novice GnMo)
  7300 | D:7      | Found a transporter.
  7316 | D:7      | Found a transporter.
  8102 | D:7      | Killed Miyamura's ghost
  8102 | D:7      | Reached XP level 10. HP: 32/84 MP: 4/10
  8370 | D:8      | Found an iron altar of Okawaru.
  8408 | D:8      | Reached skill level 10 in Axes
  8648 | D:8      | Found an ornate altar of the Wu Jian Council.
  8684 | D:8      | Found an ancient bone altar of Kikubaaqudgha.
  9684 | D:10     | Entered Level 10 of the Dungeon
  9930 | D:10     | Reached skill level 11 in Axes
  9938 | D:10     | Noticed a deep elf mage
  9953 | D:10     | Killed from afar by a deep elf mage

Skill      XL: |  1  2  3  4  5  6  7  8  9 10 |
---------------+-------------------------------+-----
Axes           | 3 4 5 6 8 9 11 | 11.1
Fighting       | 4 5 6 7 |  7.5
Shields        | 4 5 6 8 |  8.5
Armour         | 4 5 7 8 |  8.7
Dodging        | 3 4 |  4.6
Polearms       | 2 |  2.0
Stealth        | |  0.2
Evocations     | |  0.7

Action                   |  1- 3 |  4- 6 |  7- 9 | 10-12 || total
-------------------------+-------+-------+-------+-------++-------
Melee: War axe           |   157 |   163 |   367 |   140 ||   827
       Trident           |       |       |    47 |       ||    47
Evoke: Wand              |       |       |     4 |     2 ||     6
  Use: Scroll            |     4 |     1 |     9 |     9 ||    23
       Potion            |       |       |     4 |       ||     4
  Eat: Ration            |     1 |       |     7 |     1 ||     9
       Chunk             |       |     4 |       |       ||     4
Armor: Scale mail        |    83 |    80 |    49 |       ||   212
       Plate armour      |       |       |   243 |    57 ||   300
Dodge: Dodged            |    63 |    46 |   121 |    27 ||   257
Block: Shield            |    95 |    76 |   267 |    72 ||   510
